 Dungeon Crawl Stone Soup version 0.18.1-5-g4a78601 (webtiles) character file.

3553 PossumBlood the Cleaver (level 10, -3/77 (79) HPs)
             Began as a Formicid Fighter on May 13, 2016.
             Was a Follower of Okawaru.
             Slain by a wyvern (10 damage)
             ... on level 9 of the Dungeon.
             The game lasted 00:22:37 (8059 turns).

PossumBlood the Cleaver (Formicid Fighter)          Turns: 8059, Time: 00:22:37

HP:   -3/77 (79)    AC: 16    Str: 23    XL:     10   Next: 30%
MP:   19/19         EV:  6    Int: 12    God:    Okawaru [*.....]
Gold: 335           SH: 11    Dex: 10    Spells: 0 memorised, 9 levels left

rFire  . . .     SeeInvis +     a - +1 war axe
rCold  . . .     Gourm    .     j - +0 plate armour
rNeg   . . .     Faith    .     c - +0 shield
rPois  .         Spirit   .     (helmet unavailable)
rElec  .         Dismiss  .     n - +0 cloak
rCorr  .         Reflect  .     k - +1 pair of gloves
SustAt .         Harm     .     (no boots)
MR     +....                    (no amulet)
Stlth  ..........               g - +3 ring of intelligence
                                x - ring of magical power

@: somewhat resistant to hostile enchantments, extremely unstealthy
A: permanent stasis, dig shafts and tunnels, four strong arms, antennae 3
a: Dig, Shaft Self, Heroism, Renounce Religion


You were on level 9 of the Dungeon.
You worshipped Okawaru.
Okawaru was aware of your devotion.
You were not hungry.

You visited 2 branches of the dungeon, and saw 10 of its levels.

You collected 447 gold pieces.
You spent 112 gold pieces at shops.

Inventory:

Hand Weapons
 a - a +1 war axe (weapon)
 y - a +3 quarterstaff of holy wrath
Missiles
 b - 7 javelins (quivered)
Armour
 c - a +0 shield (worn)
 j - a +0 plate armour (worn)
 k - a +1 pair of gloves (worn)
 n - a +0 cloak (worn)
Jewellery
 g - a +3 ring of intelligence (right hand)
 l - an uncursed ring of fire
 x - a ring of magical power (left hand)
 A - an uncursed ring of magical power
Wands
 u - a wand of iceblast (8/15)
 B - a wand of polymorph (13/24)
Scrolls
 i - 4 scrolls of identify
 p - 8 scrolls of remove curse
 w - a scroll of enchant weapon
 C - a scroll of enchant armour
Potions
 d - 3 potions of might
 e - 4 potions of curing
 h - 2 potions of lignification
 o - a potion of flight
 q - 3 potions of cure mutation
 v - a potion of brilliance
 D - a potion of heal wounds
Books
 s - a book of the Earth

   Spells                             Type                      Level
   a - Leda's Liquefaction            Hexes/Earth                  4
   b - Bolt of Magma                  Conjuration/Fire/Earth       5
   c - Statue Form                    Transmutation/Earth          6
   d - Iron Shot                      Conjuration/Earth            6
   e - Shatter                        Earth                        9
 t - a book of Alchemy

   Spells                             Type                      Level
   a - Sublimation of Blood           Necromancy                   2
   b - Ignite Poison                  Fire/Transmutation/Poison    3
   c - Petrify                        Transmutation/Earth          4
   d - Alistair's Intoxication        Transmutation/Poison         5
   e - Irradiate                      Conjuration/Transmutation    5
Comestibles
 f - 4 bread rations
 m - 3 meat rations
 r - a beef jerky
 z - a slice of pizza


   Skills:
 - Level 7.0 Fighting
 * Level 10.6 Axes
 - Level 7.0 Armour
 - Level 7.1 Shields


You had 9 spell levels left.
You didn't know any spells.

Dungeon Overview and Level Annotations

Branches:
Dungeon (9/15)             Temple (1/1) D:7
   Lair: D:8-11         Orc: D:9-12

Altars:
Ashenzari
Cheibriados
Dithmenos
Elyvilon
Fedhas
Gozag
Kikubaaqudgha
Makhleb
Nemelex Xobeh
Okawaru
Pakellas
Qazlal
Ru
Sif Muna
Trog
Vehumet
Xom
Yredelemnul
Zin
The Shining One

Shops:
D:2 *   D:5 }   D:6 %   D:9 ?


Innate Abilities, Weirdness & Mutations

You are under a permanent stasis effect.
You can dig through walls and to a lower floor.
Your four strong arms can wield two-handed weapons with a shield.
You have a pair of large antennae on your head (SInv).


Message History

You block the wyvern's attack.
You hit the orc warrior but do no damage.
The orc warrior is severely wounded.
You hit the wyvern.
The wyvern is heavily wounded.
You block the wyvern's attack.
The orc warrior hits you with a halberd!
* * * LOW HITPOINT WARNING * * *
The wyvern bites you!
* * * LOW HITPOINT WARNING * * *
You slash the wyvern!
The wyvern is severely wounded.
You slash the orc warrior!
You kill the orc warrior!
Okawaru accepts your kill.
The wyvern bites you but does no damage.
You hit the wyvern.
The wyvern is severely wounded.
You block the wyvern's attack. The wyvern bites you!
You die...

..........).(.##########
.......(................
..........).............
.......(................
######.(################
#.(# #..# #..# #)@# #l)#
#.o# #... .... #.....
#..... #......


You could see a wyvern and an orc wizard.

Vanquished Creatures
  Joseph (D:7)
  The ghost of kotomi the Magician, an amateur DEFE of Vehumet (D:3)
  7 orc warriors
  2 phantoms
  A black bear (D:6)
  2 necrophages
  A sky beast (D:9)
  3 ogres
  3 centaurs
  A gnoll sergeant (D:8)
  A giant frog (D:8)
  A scorpion (D:4)
  2 howler monkeys
  2 crimson imps
  A giant frog zombie (D:5)
  4 hounds
  2 jellies
  A centaur zombie (D:7)
  3 orc priests
  2 centaur skeletons
  2 iguanas (D:6)
  4 orc wizards
  6 worker ants
  Robin (D:3)
  A worker ant zombie (D:8)
  5 gnolls (D:8)
  11 adders
  6 shadow imps
  3 oozes
  A worm (D:3)
  A dart slug (D:5)
  6 giant geckos
  33 orcs
  7 bats
  7 giant cockroaches
  23 goblins
  6 hobgoblins
  18 jackals
  4 kobolds
  5 quokkas
  5 ball pythons
  A ball python skeleton (D:5)
  6 giant newts
  6 rats
209 creatures vanquished.

Notes
Turn   | Place    | Note
--------------------------------------------------------------
     0 | D:1      | PossumBlood the Formicid Fighter began the quest for the Orb.
     0 | D:1      | Reached XP level 1. HP: 18/18 MP: 1/1
   188 | D:1      | Reached XP level 2. HP: 25/25 MP: 2/2
   717 | D:1      | Reached XP level 3. HP: 31/31 MP: 3/3
   873 | D:2      | Found an opulent altar of Gozag.
   920 | D:2      | Reached skill level 5 in Fighting
   941 | D:2      | Reached XP level 4. HP: 33/39 MP: 4/4
   985 | D:2      | Found Gozag's Platinum Reserve.
  1337 | D:3      | Noticed Robin
  1361 | D:3      | Reached XP level 5. HP: 32/46 MP: 5/5
  1363 | D:3      | Killed Robin
  1409 | D:3      | Noticed a phantom
  1438 | D:3      | Killed a phantom
  1438 | D:3      | Reached XP level 6. HP: 25/53 MP: 6/6
  1897 | D:3      | Noticed kotomi's ghost (amateur DEFE)
  1906 | D:3      | Killed kotomi's ghost
  2246 | D:3      | Reached skill level 5 in Armour
  2262 | D:3      | Reached XP level 7. HP: 60/60 MP: 7/7
  2517 | D:4      | Found a sparkling altar of Nemelex Xobeh.
  3482 | D:4      | Found a bloodstained altar of Trog.
  3553 | D:4      | Found a basalt altar of Yredelemnul.
  3653 | D:5      | Entered Level 5 of the Dungeon
  3801 | D:5      | Found a stormy altar of Qazlal.
  3807 | D:5      | Found a blossoming altar of Fedhas.
  3865 | D:5      | Found Otiax's Gadget Shoppe.
  4001 | D:5      | Reached XP level 8. HP: 67/67 MP: 8/8
  4138 | D:5      | Found a snail-covered altar of Cheibriados.
  4202 | D:5      | Reached skill level 3 in Axes
  4281 | D:5      | Reached skill level 4 in Axes
  4692 | D:6      | Reached skill level 5 in Axes
  4938 | D:6      | Reached skill level 6 in Axes
  5075 | D:6      | Found Irregite's Food Boutique.
  5179 | D:6      | Reached XP level 9. HP: 72/72 MP: 9/9
  5262 | D:6      | Reached skill level 7 in Axes
  5412 | D:6      | Reached skill level 8 in Axes
  5741 | D:7      | Found a stormy altar of Qazlal.
  5924 | D:7      | Reached skill level 5 in Shields
  6075 | D:7      | Noticed Joseph
  6100 | D:7      | Killed Joseph
  6456 | D:7      | Found a glowing silver altar of Zin.
  6853 | D:7      | Found a staircase to the Ecumenical Temple.
  6859 | Temple   | Entered the Ecumenical Temple
  6888 | Temple   | Became a worshipper of Warmaster Okawaru
  7435 | D:8      | Reached skill level 9 in Axes
  7476 | D:8      | Reached XP level 10. HP: 72/77 MP: 10/10
  7528 | D:8      | Reached * piety under Okawaru
  7892 | D:9      | Found Hoorenwo's Magic Scroll Shoppe.
  7925 | D:9      | Reached skill level 10 in Axes
  7933 | D:9      | Bought a scroll of enchant armour for 112 gold pieces
  8059 | D:9      | Slain by a wyvern

Skill      XL: |  1  2  3  4  5  6  7  8  9 10 |
---------------+-------------------------------+-----
Fighting       | 4 5 6 7 |  7.0
Armour         | 5 7 |  7.0
Axes           | 6 9 10 | 10.6
Shields        | 7 |  7.1

Action                   |  1- 3 |  4- 6 |  7- 9 | 10-12 || total
-------------------------+-------+-------+-------+-------++-------
Melee: War axe           |   113 |   170 |   441 |    85 ||   809
  Use: Scroll            |     5 |     8 |     6 |       ||    19
       Potion            |       |     4 |     2 |       ||     6
  Eat: Fruit             |       |     2 |     6 |       ||     8
       Pizza             |       |     2 |     2 |     1 ||     5
       Bread ration      |       |       |     2 |       ||     2
       Beef jerky        |       |       |     1 |       ||     1
Armor: Scale mail        |    30 |       |       |       ||    30
       Plate armour      |    49 |   137 |   278 |    41 ||   505
Dodge: Dodged            |    35 |    38 |   110 |    27 ||   210
Block: Shield            |    63 |   135 |   248 |    58 ||   504
